 Dungeon Crawl Stone Soup version 0.26-a0-639-g72c4674329 (webtiles) character file.

Game seed: 2178285242656959894

56802 Hastur the Stormcaller (level 14, -3/95 HPs)
             Began as a Tengu Air Elementalist on Sept 19, 2020.
             Was a High Priest of Vehumet.
             Slain by a yak (21 damage)
             ... on level 6 of the Lair of Beasts.
             The game lasted 01:25:58 (25230 turns).

Hastur the Stormcaller (Tengu Air Elementalist)    Turns: 25230, Time: 01:25:59

Health: -3/95      AC:  4    Str: 11    XL:     14   Next: 83%
Magic:  16/29      EV: 24    Int: 20    God:    Vehumet [*****.]
Gold:   4169       SH:  0    Dex: 16    Spells: 14/33 levels left

rFire    + . .     SeeInvis .   a - +2 dagger (venom)
rCold    . . .     Faith    .   S - +2 buckler
rNeg     . . .     Spirit   .   p - +0 robe
rPois    .         Reflect  .   (helmet restricted)
rElec    .         Harm     .   h - +1 cloak
rCorr    .         Rampage  .   (no gloves)
MR       ++...                  (boots unavailable)
Stlth    +.........             e - amulet of magic regeneration
HPRegen  0.25/turn              i - ring of protection from fire
MPRegen  0.46/turn              H - ring "Haiczod" {MR+ EV+4 Int+3 Stlth-}

@: sleeping, flying quickly and evasively, quick
A: beak, talons 3, able to fly
a: Stop Flying, Renounce Religion


You were on level 6 of the Lair of Beasts.
You worshipped Vehumet.
Vehumet was extremely pleased with you.
You visited 2 branches of the dungeon, and saw 17 of its levels.
You also visited: Bailey.

You collected 4704 gold pieces.
You spent 535 gold pieces at shops.

Inventory:

Hand Weapons
 a - a +2 dagger of venom (weapon)
   (You took it off a kobold on level 3 of the Dungeon)
 w - the +1 rapier of Xom's Castigation {vorpal, *Slow MR+ Int+2 SInv}
   (You found it on level 2 of the Lair of Beasts)

   It inflicts extra damage upon your enemies.
   It affects your intelligence (+2).
   It affects your resistance to hostile enchantments.
   It lets you see invisible.
   It may slow you when you take damage.
 P - a +2 antimagic demon trident
   (You took it off Urug on level 10 of the Dungeon)
Missiles
 l - 58 poisoned darts (quivered)
 R - 3 throwing nets {!f}
Armour
 h - a +1 cloak (worn)
   (You found it on level 1 of the Dungeon)
 p - a +0 robe (worn)
 z - a +0 kite shield
   (You found it on level 7 of the Dungeon)
 S - a +2 buckler (worn)
   (You took it off a gnoll sergeant on level 10 of the Dungeon)
 U - a +0 pair of gloves
   (You found it on level 11 of the Dungeon)
Jewellery
 e - an amulet of magic regeneration (around neck)
   (You found it on level 1 of the Dungeon)
 i - a ring of protection from fire (left hand)
   (You found it on level 6 of the Dungeon)
 s - an uncursed ring of protection from magic {unknown}
   (You found it on level 6 of the Lair of Beasts)
 B - an uncursed amulet of reflection
   (You found it on level 7 of the Dungeon)
 G - an uncursed ring of ice
   (You found it on level 8 of the Dungeon)
 H - the ring "Haiczod" (right hand) {MR+ EV+4 Int+3 Stlth-}
   (You bought it in a shop on level 4 of the Dungeon)

   [ring of evasion]

   It affects your evasion (+4).
   It affects your intelligence (+3).
   It affects your resistance to hostile enchantments.
   It makes you less stealthy.
 I - an uncursed amulet of the acrobat
   (You found it on level 9 of the Dungeon)
 L - an uncursed ring of fire
   (You found it on level 4 of the Dungeon)
 V - an uncursed ring of wizardry {unknown}
   (You found it on level 4 of the Lair of Beasts)
 Y - a cursed ring of attention {unknown}
   (You found it on level 4 of the Lair of Beasts)
Wands
 c - a wand of disintegration (15)
   (You found it on level 2 of the Lair of Beasts)
 d - a wand of iceblast (6)
   (You found it on level 4 of the Dungeon)
 t - a wand of flame (18)
   (You took it off Pikel on level 8 of the Dungeon)
 u - a wand of paralysis (9)
   (You found it on level 1 of the Lair of Beasts)
 v - a wand of digging (6)
   (You found it on level 2 of the Dungeon)
 x - a wand of acid (5)
   (You found it on level 11 of the Dungeon)
 T - a wand of polymorph (6)
   (You found it on level 11 of the Dungeon)
Scrolls
 b - 3 scrolls of magic mapping
 j - 2 scrolls of fog
 k - 8 scrolls of remove curse {@r2}
 o - 2 scrolls of noise {!r}
 y - 2 scrolls of enchant armour
 A - 2 scrolls of enchant weapon
 E - 3 scrolls of teleportation {@r4}
 M - 4 scrolls of identify {@r1}
Potions
 f - 2 potions of berserk rage
 g - 4 potions of lignification {!q}
 m - 2 potions of mutation {!q}
 q - 3 potions of brilliance
 r - 5 potions of resistance
 C - 5 potions of degeneration {!q}
 K - a potion of haste {@q3}
 O - a potion of cancellation
 Q - a potion of magic
 W - 2 potions of might
 X - 5 potions of curing {@q1}
 Z - a potion of invisibility
Miscellaneous
 N - a condenser vane (2/2)
   (You found it on level 3 of the Lair of Beasts)


   Skills:
 + Level 13.6 Fighting
 - Level 7.0 Dodging
 - Level 2.2 Stealth
 + Level 11.4 Shields
 - Level 10.0 Spellcasting
 - Level 10.0 Conjurations
 - Level 15.0 Air Magic


You had 14 spell levels left.
You knew the following spells:

 Your Spells              Type           Power        Failure   Level
a - Shock                 Conj/Air       ####         1%          1
b - Airstrike             Air            ######....   1%          4
c - Lightning Bolt        Conj/Air       ######....   1%          5
d - Conjure Ball Lightni  Conj/Air       ######....   1%          6
f - Mephitic Cloud        Conj/Pois/Air  #####...     1%          3

Your spell library contained the following spells:

 Spells                   Type           Power        Failure   Level
 Ozocubu's Refrigeration  Ice            ##........   92%         6
 Foxfire                  Conj/Fire      ####         1%          1
 Magic Dart               Conj           ####         1%          1
 Swiftness                Air            ######..     1%          2
 Conjure Flame            Conj/Fire      ####....     1%          3
 Static Discharge         Conj/Air       ######..     1%          3
 Summon Lightning Spire   Summ/Air       #####...     3%          4
 Summon Small Mammal      Summ           ##..         7%          1
 Blink                    Tloc           N/A          11%         2
 Call Imp                 Summ           ##......     11%         2
 Slow                     Hex            ##......     11%         2
 Call Canine Familiar     Summ           ##......     21%         3
 Confusing Touch          Hex            ##......     21%         3
 Gell's Gravitas          Tloc           ##........   21%         3
 Summon Guardian Golem    Hex/Summ       ##......     21%         3
 Yara's Violent Unravell  Hex/Tmut       ##........   41%         5
 Cause Fear               Hex            ##........   56%         4
 Petrify                  Tmut/Erth      ##......     56%         4
 Summon Ice Beast         Ice/Summ       ##......     56%         4
 Metabolic Englaciation   Hex/Ice        ##........   88%         5
 Dragon Form              Tmut           ##........   100%        7
 Dragon's Call            Summ           ##........   100%        9


Dungeon Overview and Level Annotations

Branches:
Dungeon (11/15)            Temple (0/1) D:5            Lair (6/6) D:10
  Swamp (0/4) Lair:4        Snake (0/4) Lair:3        Slime (0/5) Lair:5
    Orc (0/2) D:9          Bailey (visited)

Altars:
Ashenzari
Dithmenos
Elyvilon
Fedhas
Gozag
Hepliaklqana
Kikubaaqudgha
Okawaru
Qazlal
Ru
Sif Muna
Trog
Vehumet
Wu Jian
Jiyva

Shops:
D:4 *=   D:6 *   D:7 *   D:8 ?   D:9 [

Annotations:
Lair:5 exclusion: downstairs


Innate Abilities, Weirdness & Mutations

You have a beak for a mouth.
You have claws for feet.
You can fly continuously.


Message History

Aim: a death yak (heavily wounded)
You hear a mighty clap of thunder!
The bolt of lightning hits the death yak.
The bolt of lightning hits the death yak!
The bolt of lightning hits the yak!
You kill the yak!
Vehumet accepts your kill.
You feel your power returning.
The bolt of lightning hits the yak but does no damage.
You hear a bellow!
You hear a bleat!
You hear a croak.
Aim: a death yak (heavily wounded)
You hear a mighty clap of thunder!
The bolt of lightning hits the death yak!
The bolt of lightning hits the death yak!!!
The bolt of lightning hits the yak!!
You kill the yak!
Vehumet accepts your kill.
You feel your power returning.
You hear a bellow!
The death yak gores you.
Aim: a death yak (severely wounded)
You hear a mighty clap of thunder!
The bolt of lightning hits the death yak!
The bolt of lightning hits the death yak but does no damage.
You block the death yak's attack.
The dream sheep ruffles its wool and motes of dream dust sparkle, to no effect.
You block the blink frog's attack.
You closely miss the blink frog. Your kick misses the blink frog.
The blink frog completely misses you.
The dream sheep shake their wool and sparkle.
You feel drowsy...
You fall asleep.
The blink frog completely misses you. The death yak completely misses you.
The death yak gores you!
You wake up.
The blink frog misses you. The death yak completely misses you.
You block the death yak's attack.
The yak bellows!
The death yak gores you!
The dream sheep shake their wool and sparkle.
You feel drowsy...
You fall asleep.
The death yak gores you!!!
You wake up.
Ouch! That really hurt!
* * * LOW HITPOINT WARNING * * *
You hear a bleat!
The yak gores you.
* * * LOW HITPOINT WARNING * * *
You see here a cane toad skeleton.
There is a stone staircase leading up, spattered with blood here.
The dream sheep shake their wool and sparkle.
You feel drowsy...
You fall asleep.
The yak gores you!!
You die...

### ######P# ##..##..##
#........####
###...........#
#.............#
###...@.........#
#.#...Y.†....<###
#......Y#......####
##..#YY#Y..#......## #
#P.##.F..#.#.......####
######...#.........PP##
##Y.......)....P....
##............†......
#.................#..


You could see 2 death yaks, 2 yaks, a blink frog and 2 dream sheep.

Vanquished Creatures
  Erolcha (D:9)
  8 hydras
  A catoblepas (Lair:5)
  Erica (D:7)
  Harold (D:10)
  2 centaur warriors
  10 death yaks (Lair:5)
  A two-headed ogre (D:8)
  Urug (D:10)
  Nergalle (Lair:3)
  An orc knight (Bailey)
  Pikel (D:8)
  A lindwurm (Lair:6)
  A manticore (D:11)
  3 oklob plants
  An ugly thing (D:11)
  A black mamba (Lair:5)
  5 elephants
  A centaur skeleton (D:11)
  23 cane toads
  3 komodo dragons
  A rime drake (Lair:5)
  A tengu conjurer (D:11)
  3 trolls
  A tyrant leech (Lair:6)
  4 polar bears
  27 blink frogs
  A hornet (D:9)
  Prince Ribbit (D:6)
  7 hippogriffs
  2 dream sheep (Lair:6)
  35 yaks
  A vampire (D:9)
  A wraith (D:10)
  8 vampire mosquitoes
  3 basilisks
  2 wargs (D:10)
  4 nagas (Lair:3)
  7 water moccasins
  9 porcupines
  2 ice beasts
  5 sky beasts
  9 orc warriors
  2 phantoms
  A swamp drake (Lair:4)
  2 necrophages
  17 wolves
  5 ogres
  5 centaurs
  10 crocodiles
  A big kobold (D:10)
  2 gnoll sergeants
  21 bullfrogs
  A water moccasin zombie (D:11)
  4 scorpions
  A water moccasin skeleton (D:11)
  3 killer bees (D:10)
  4 howler monkeys
  An electric eel (Lair:6)
  2 bullfrog zombies
  3 hounds
  3 jellies
  A bullfrog skeleton (D:5)
  8 orc priests
  6 orc wizards
  Terence (D:3)
  2 iguanas
  5 worker ants
  6 hell rats (Lair:3)
  A killer bee zombie (D:5)
  2 hound zombies
  A hound skeleton (D:5)
  A worker ant zombie (D:11)
  16 gnolls
  10 adders
  3 white imps
  5 ufetubi
  4 oozes
  3 worms
  4 dart slugs
  7 leopard geckos
  37 orcs
  5 giant cockroaches
  15 goblins
  10 hobgoblins
  6 jackals
  8 quokkas
  6 bats
  4 frilled lizards
  36 kobolds
  2 leopard gecko skeletons
  A quokka skeleton (D:4)
  6 rats
512 creatures vanquished.

Vanquished Creatures (collateral kills)
  3 ball lightnings (Lair:5)
3 creatures vanquished.

Vanquished Creatures (others)
  57 ball lightnings
  A bush (Lair:1)
  74 fungi
  204 plants
  16 toadstools (Lair:2)
352 creatures vanquished.

Grand Total: 867 creatures vanquished

Notes
Turn   | Place    | Note
-------+----------+-------------------------------------------
     0 | D:1      | Hastur the Tengu Air Elementalist began the quest for the
                  | Orb.
     0 | D:1      | Reached XP level 1. HP: 10/10 MP: 4/4
   234 | D:1      | Reached XP level 2. HP: 16/16 MP: 3/6
   678 | D:1      | Reached skill level 1 in Fighting
   785 | D:1      | Reached XP level 3. HP: 20/20 MP: 5/7
  1632 | D:2      | Found an ancient bone altar of Kikubaaqudgha.
  1633 | D:2      | Found a bloodstained altar of Trog.
  1732 | D:2      | Found an opulent altar of Gozag.
  2129 | D:2      | Reached XP level 4. HP: 19/25 MP: 3/8
  2268 | D:2      | Learned a level 4 spell: Airstrike
  2445 | D:3      | Noticed Terence
  2657 | D:2      | Reached skill level 5 in Air Magic
  3334 | D:3      | Killed Terence
  3334 | D:3      | Gained mutation: You can fly continuously. [Tengu growth]
  3334 | D:3      | Reached XP level 5. HP: 25/30 MP: 8/10
  3463 | D:3      | Found a radiant altar of Vehumet.
  3629 | D:3      | Reached skill level 6 in Air Magic
  3839 | D:4      | Found Nosuf's Jewellery Emporium.
  3843 | D:4      | Noticed an ogre
  4092 | D:4      | Reached XP level 6. HP: 35/36 MP: 6/11
  4124 | D:4      | Found Goangah's General Store.
  4247 | D:4      | Got a bloodstained robe
  4277 | D:4      | Identified the +2 robe of Qazlal's Grace {*Corrode rC+++
                  | Dex+4 Stlth-} (You found it on level 4 of the Dungeon)
  4767 | D:4      | Reached skill level 7 in Air Magic
  5180 | D:4      | Found an ornate altar of the Wu Jian Council.
  5275 | D:5      | Entered Level 5 of the Dungeon
  5337 | D:5      | Reached XP level 7. HP: 41/41 MP: 13/13
  5809 | D:5      | Reached skill level 8 in Air Magic
  6112 | D:3      | Became a worshipper of Vehumet
  6365 | D:5      | Found a staircase to the Ecumenical Temple.
  6476 | D:5      | Found a shimmering blue altar of Sif Muna.
  6635 | D:6      | Noticed a yak
  6882 | D:6      | Reached * piety under Vehumet
  6882 | D:6      | Offered knowledge of Freeze by Vehumet.
  7001 | D:6      | Found an iron altar of Okawaru.
  7010 | D:6      | Reached XP level 8. HP: 48/48 MP: 8/15
  7059 | D:6      | Reached skill level 9 in Air Magic
  7246 | D:6      | Noticed Prince Ribbit
  7254 | D:6      | Killed Prince Ribbit
  7339 | D:6      | Noticed a yak
  7359 | D:6      | Noticed a yak
  7360 | D:6      | Reached ** piety under Vehumet
  7360 | D:6      | Reached skill level 5 in Spellcasting
  7360 | D:6      | Reached skill level 10 in Air Magic
  7400 | D:6      | Noticed a yak
  7400 | D:6      | Noticed a yak
  7406 | D:6      | Killed a yak
  7406 | D:6      | Offered knowledge of Searing Ray by Vehumet.
  7406 | D:6      | Reached skill level 5 in Fighting
  7479 | D:6      | Killed a yak
  7481 | D:6      | Killed a yak
  7481 | D:6      | Reached XP level 9. HP: 32/54 MP: 15/18
  7897 | D:6      | Found a white marble altar of Elyvilon.
  8100 | D:6      | Found Adimpeju's General Store.
  8461 | D:7      | Found Kyirhiutem's Assorted Antiques.
  8618 | D:7      | Reached skill level 11 in Air Magic
  8945 | D:8      | Noticed Erica
  8945 | D:8      | Noticed a two-headed ogre
  9321 | D:8      | Found Giyfoywnu's Magic Scroll Shoppe.
  9386 | D:7      | Killed Erica
  9386 | D:7      | Reached skill level 5 in Dodging
  9386 | D:7      | Reached XP level 10. HP: 9/63 MP: 4/21
  9824 | D:8      | Noticed Pikel
  9828 | D:8      | Found a shattered altar of Ashenzari.
  9829 | D:8      | Killed Pikel
  9899 | D:8      | Killed a two-headed ogre
 10086 | D:4      | Bought the ring "Haiczod" {MR+ EV+4 Int+3 Stlth-} for 535
                  | gold pieces
 10560 | D:9      | Offered knowledge of Frozen Ramparts by Vehumet.
 10563 | D:9      | Reached skill level 12 in Air Magic
 10568 | D:9      | Noticed Erolcha
 10599 | D:9      | Killed Erolcha
 10645 | D:9      | Found a shadowy altar of Dithmenos.
 10756 | D:9      | Found a stormy altar of Qazlal.
 10834 | D:9      | Found Vilu Hioxo's Armour Shoppe.
 10911 | D:9      | Noticed a centaur warrior
 10919 | D:9      | Killed a centaur warrior
 10919 | D:9      | Reached XP level 11. HP: 48/69 MP: 2/24
 11008 | D:9      | Reached *** piety under Vehumet
 11077 | D:9      | Found a hazy altar of Hepliaklqana.
 11407 | D:9      | Found a staircase to the Orcish Mines.
 11417 | D:9      | Found a sacrificial altar of Ru.
 11451 | D:10     | Entered Level 10 of the Dungeon
 11492 | D:10     | Found a flagged portal.
 11568 | Bailey   | Entered a bailey
 11613 | Bailey   | Offered knowledge of Mephitic Cloud by Vehumet.
 11677 | Bailey   | Noticed an orc knight
 11834 | Bailey   | Killed an orc knight
 11834 | Bailey   | Reached skill level 5 in Conjurations
 12035 | Bailey   | Got a transparent leather armour
 12271 | D:10     | Found a shadowy altar of Dithmenos.
 12406 | D:10     | Reached **** piety under Vehumet
 12464 | D:10     | Offered knowledge of Iskenderun's Mystic Blast by Vehumet.
 12960 | D:10     | Noticed Harold
 13160 | D:10     | Found a staircase to the Lair.
 13209 | D:10     | Noticed Urug
 13225 | D:10     | Killed Urug
 13719 | D:10     | Killed Harold
 13824 | D:10     | Learned a level 5 spell: Lightning Bolt
 13891 | D:11     | Noticed a manticore
 14139 | D:11     | Reached XP level 12. HP: 77/77 MP: 18/26
 14144 | D:11     | Reached skill level 5 in Shields
 14423 | D:11     | Learned a level 3 spell: Mephitic Cloud
 14646 | D:11     | Noticed a centaur warrior
 14664 | D:11     | Killed a centaur warrior
 14664 | D:11     | Reached ***** piety under Vehumet
 14664 | D:11     | Offered knowledge of Hailstorm by Vehumet.
 14833 | D:11     | Reached skill level 10 in Fighting
 15350 | Lair:1   | Entered Level 1 of the Lair of Beasts
 15436 | Lair:1   | Noticed an eight-headed hydra
 15468 | Lair:1   | Killed an eight-headed hydra
 15922 | Lair:1   | Noticed a five-headed hydra
 15980 | Lair:1   | Killed a five-headed hydra
 16512 | Lair:1   | Reached skill level 10 in Spellcasting
 16512 | Lair:1   | Reached skill level 13 in Air Magic
 16591 | Lair:1   | Identified the cursed +0 leather armour "Mozeal" {rN++
                  | Regen+ Dex-5} (You found it in a bailey)
 16596 | Lair:1   | Identified a scroll of acquirement
 16596 | Lair:1   | Acquired 2320 gold pieces
 16957 | Lair:2   | Got a bloodstained rapier
 16965 | Lair:2   | Identified the +1 rapier of Xom's Castigation {vorpal,
                  | *Slow MR+ Int+2 SInv} (You found it on level 2 of the Lair
                  | of Beasts)
 17029 | Lair:2   | Reached XP level 13. HP: 84/84 MP: 11/28
 17316 | Lair:2   | Found a blossoming altar of Fedhas.
 17806 | Lair:3   | Noticed Nergalle
 17811 | Lair:3   | Killed Nergalle
 18003 | Lair:3   | Found a staircase to the Snake Pit.
 18641 | Lair:3   | Reached skill level 10 in Conjurations
 19204 | Lair:4   | Found a staircase to the Swamp.
 19265 | Lair:4   | Offered knowledge of Conjure Ball Lightning by Vehumet.
 20134 | Lair:4   | Learned a level 6 spell: Conjure Ball Lightning
 21168 | Lair:5   | Found a viscous altar of Jiyva.
 21169 | Lair:5   | Found a staircase to the Slime Pits.
 21650 | Lair:6   | Entered Level 6 of the Lair of Beasts
 21711 | Lair:5   | Reached XP level 14. HP: 81/92 MP: 19/29
 21804 | Lair:6   | Reached skill level 14 in Air Magic
 21808 | Lair:6   | Reached skill level 10 in Shields
 24282 | Lair:6   | Reached skill level 15 in Air Magic
 24614 | Lair:6   | Offered knowledge of Ozocubu's Refrigeration by Vehumet.
 25230 | Lair:6   | Slain by a yak

Illustrated notes

Levels and vault maps discovered:
D:1:      lemuel_arrival_broad_hall, layout_basic, kennysheep_boxes
D:2:      layout_loops_cross, lemuel_crystal_altar, minitemple
D:3:      layout_basic, lemuel_round_altar, minmay_cut_off, uniq_terence
D:4:      layout_loops_corners, lemuel_coloured_pillars_altar, serial_shops,
          shop_fountains, nicolae_shop_crystal
D:5:      layout_loops_ring, led_sif_pool, minmay_temple_entry_overgrown
D:6:      corexii_shantytown, layout_gridville, old_standard_altar,
          elyvilon_altar_3, serial_shops, shop, minivault_14,
          uniq_blork_the_orc, uniq_prince_ribbit1
D:7:      layout_rooms, serial_shops, shop, kennysheep_generic_room_3
D:8:      layout_basic, cheibrodos_ashenzari_chains, serial_shops, shop,
          uniq_pikel, uniq_erica
D:9:      minmay_cornered_nines, layout_rooms, lemuel_crystal_altar,
          lemuel_crystal_altar, nicolae_qazlal_style_of_elements,
          overflow_temple_1_default, serial_shops, shop, patterned_corridor,
          uniq_erolcha
D:10:     layout_roguey, erik_lair_orcish_takeover, enter_bailey_6,
          nicolae_dithmenos_shadow_blocks, uniq_harold, uniq_urug
D:11:     layout_basic, minmay_shattered_shrine
Lair:1:   layout_roguey, serial_forest, infiniplex_forest_lined_ring,
          infiniplex_forest_clump_medium, infiniplex_forest_diagonal,
          infiniplex_forest_clump_medium, infiniplex_forest_clump_medium,
          grunt_megastairs_3, lemuel_fruit_tree, minmay_lair_oklob_chamber,
          infiniplex_staircase_pool_2
Lair:2:   wander_river, layout_loops_ring, tgw_fedhas
Lair:3:   layout_regular_city, minmay_snake_entry_guardpost_small, uniq_nergalle
Lair:4:   layout_gridlike, swamp_mist_pool, nicolae_lair_grove_arrangements,
          grunt_forest_small_clearings, hibernation_bobbens
Lair:5:   layout_regular_city, slime_altar_1, chequers_serial_rivers_room_a
Lair:6:   minmay_lair_end_frog_pond, layout_cave_pods,
          nicolae_volcano_entry_s_turn, grunt_megastairs_2

Skill      XL: |  1  2  3  4  5  6  7  8  9 10 11 12 13 14 |
---------------+-------------------------------------------+-----
Conjurations   | 2 3 4 7 8 10 | 10.0
Fighting       | 1 2 3 4 5 7 8 9 10 12 13 | 13.6
Air Magic      | 5 6 7 8 10 11 12 13 15 | 15.0
Spellcasting   | 3 4 5 6 8 9 10 | 10.0
Dodging        | 3 5 7 |  7.0
Shields        | 2 4 7 9 11 | 11.4
Stealth        | |  2.2

Action                   |  1- 3 |  4- 6 |  7- 9 | 10-12 | 13-15 || total
-------------------------+-------+-------+-------+-------+-------++-------
Melee: Dagger            |       |    10 |    15 |    19 |    19 ||    63
       Kick              |       |     5 |     6 |     5 |     8 ||    24
       Peck              |       |     1 |     1 |     1 |     2 ||     5
 Cast: Shock             |    89 |   143 |   165 |    39 |     2 ||   438
       Airstrike         |       |       |    60 |   303 |   343 ||   706
       Lightning Bolt    |       |       |       |    27 |    38 ||    65
       Mephitic Cloud    |       |       |       |     1 |       ||     1
       Conjure Ball Ligh |       |       |       |       |    23 ||    23
 Abil: Fly               |       |     1 |       |       |       ||     1
Evoke: Wand              |       |       |     1 |     2 |       ||     3
  Use: Scroll            |       |     7 |     3 |    24 |     4 ||    38
       Potion            |       |     1 |     2 |       |     2 ||     5
 Stab: Sleeping          |       |     1 |     2 |       |       ||     3
       Confused          |       |       |       |     1 |       ||     1
Armor: Robe              |     6 |     8 |     7 |     9 |     9 ||    39
Dodge: Dodged            |     5 |    27 |    45 |   133 |   161 ||   371
Block: Buckler           |       |       |       |    28 |   100 ||   128

Table legend: (Time is in decaauts)
 A = Elapsed time spent in this place.
 B = Non-inter-level travel time spent in this place.
 C = Inter-level travel time spent in this place.
 D = Time resting spent in this place.
 E = Time spent auto-exploring this place.
 F = Levels seen in this place.
 G = Mean time per level.
                   A        B        C        D        E       F      G
               +--------+--------+--------+--------+--------+-----+--------+
         Total |  24182 |  22614 |   1568 |   8420 |  10039 |  18 | 1343.4 |
       Dungeon |  14135 |  13072 |   1063 |   3959 |   6854 |  11 | 1285.0 |
          Lair |   9411 |   8906 |    505 |   4212 |   3116 |   6 | 1568.5 |
        Bailey |    636 |    636 |      0 |    247 |     67 |   1 |  636.0 |
               +--------+--------+--------+--------+--------+-----+--------+

Top non-repeatable levels by time:
  Lair:5: 3710 daAuts
    D:10: 1576 daAuts
     D:6: 1529 daAuts
     D:2: 1455 daAuts
  Lair:1: 1443 daAuts
     D:4: 1344 daAuts
    D:11: 1327 daAuts
     D:1: 1283 daAuts
     D:3: 1243 daAuts
     D:7: 1234 daAuts
  Lair:4: 1198 daAuts
     D:5: 1176 daAuts
  Lair:3: 1063 daAuts
  Lair:6: 1050 daAuts
     D:9: 1015 daAuts
